AoeStats
← Melon-Lord

Arabia

508072019Analyzed
2v2 RM · 10d ago on Sep 20, 2026· 32m 34s· 4 players
Game mode
Random Map
Map size
Medium (4 player)
Population
200
Speed
Normal
Resources
Standard
Victory
Conquest
Starting age
Dark Age
Ending age
Imperial Age
RankedLock teamsTeams togetherTeam positionsShared explorationLock speedFull tech treeHidden civsTurbo modeCheats
Victory
Defeat
🇫🇷 Franks · France
1056
+19
🇫🇷 Magyars · France
1031
+20
🇷🇺 Khitans · Russia
1122
-20
🇷🇺 Slavs · Russia
1102
-19
Doña Cheyen
8:54 Loom
10:39 Feudal Age
11:37 Double-Bit Axe
20:52 Castle Age
20:01 Gold Mining
20:23 Forging
22:42 Iron Casting
26:55 Scale Barding Armor
28:13 Wheelbarrow
27:26 Town Watch
31:47 Chain Barding Armor
Melon-Lord
7:38 Loom
10:24 Feudal Age
11:10 Double-Bit Axe
12:57 Horse Collar
17:52 Fletching
18:03 Padded Archer Armor
20:07 Gold Mining
25:28 Castle Age
25:29 Crossbowman
26:15 Thumb Ring
26:07 Bodkin Arrow
26:27 Leather Archer Armor
28:26 Heavy Plow
28:37 Bow Saw
30:51 Wheelbarrow
30:59 Town Watch
31:40 Husbandry
31:51 Bloodlines
sqale
9:58 Feudal Age
10:35 Loom
10:39 Double-Bit Axe
11:38 Horse Collar
23:01 Castle Age
24:03 Wheelbarrow
23:15 Pikeman
23:56 Squires
30:05 Bow Saw
30:05 Scale Mail Armor
30:18 Forging
RoPeTT
10:49 Feudal Age
11:20 Loom
11:24 Double-Bit Axe
13:07 Domestication
22:11 Forging
23:25 Wheelbarrow
26:47 Castle Age
25:14 Scale Barding Armor
27:51 Husbandry
28:15 Chain Barding Armor
Connection lost

Rejoining the realm…

Still unreachable

The connection could not be restored.

Session expired

The server has moved on; the page needs a fresh start.